Connexion

Rocket vs Barracuda

Created - 15 novembre 2023 at 05:45

Goals
1 2 3 OT1 T
Rocket 1 2 2 0 5
Barracuda 2 2 1 1 6
Shots
1 2 3 OT1 T
Rocket 13 14 5 0 32
Barracuda 15 12 7 1 35

GoalsPenalties
1st period
1. Barracuda , Graham Knott 3 (Andrei Altybarmakyan 4) at 3:00
2. Rocket , Matt Luff 17 (Rinat Valiev 12) at 17:02 (SH)
3. Barracuda , Jordy Bellerive 3 (Nicolas Meloche 20, Robert Bortuzzo 12) at 19:03
Samuel Blais (LAV) for Holding (Minor) at 10:44
Andrei Mironov (LAV) for Charging (Minor) at 16:27
2nd period
4. Rocket , Michael Dal Colle 13 (Vladislav Kamenev 33, Philippe Myers 24) at 0:21
5. Barracuda , Brent Gates 14 (Alex Dostie 9, Scott Harrington 30) at 8:37
6. Rocket , Lucas Johansen 3 (Mitchell Stephens 24, Sampo Ranta 18) at 12:49 (PP)
7. Barracuda , Andy Welinski 11 (Alexis D'Aoust 13, Scott Harrington 31) at 19:28
Rinat Valiev (LAV) for Holding (Minor) at 1:03
Jonah Gadjovich (LAV) for Slashing (Minor) at 4:13
Julius Bergman (SAN) for Slashing (Minor) at 10:50
Bode Wilde (SAN) for High sticking (Minor) at 14:48
3rd period
8. Rocket , Samuel Blais 12 (Nolan Stevens 8, Lucas Johansen 20) at 1:12
9. Rocket , Kale Clague 9 (Michael Dal Colle 13, Vladislav Kamenev 34) at 13:32 (PP)
10. Barracuda , Matthew Phillips 20 (Nicolas Meloche 21, Trent Frederic 29) at 17:55
Julius Bergman (SAN) for Hooking (Minor) at 8:31
Trent Frederic (SAN) for Hooking (Minor) at 12:57
Overtime #1
11. Barracuda , Alex Dostie 9 (Graham Knott 6, Nicolas Meloche 22) at 1:35
No Penalty
Goalie Stats
James Reimer (LAV), 29 saves from 35 shots - (0,829), OTL, 9-11-3, 61:36 minutes
Ken Appleby (SAN), 27 saves from 32 shots - (0,844), W, 24-9-5, 61:36 minutes
3 StarsOfficial
1 - Graham Knott (SAN)
2 - Alex Dostie (SAN)
3 - Nicolas Meloche (SAN)
Referees : Don VanMassenhoven and Dan O'Rourke
Linesman : Scott Driscoll and Mark Pare
Game Note
No Game Note
Finance
Level 1 -- Attendance: 1830 (91,50%) -- Ticket Income 64 050 $
Level 2 -- Attendance: 915 (91,50%) -- Ticket Income 13 725 $
Total Attendance: 2745 (91,50%)
Total Ticket Income: 77 775 $
Other Income: 15 555 $
Total Income: 93 330 $



Team Name Goals Shots Shots Attemp Shots Blocked PIM HIT PP PK FO%
Rocket 5327988252 / 4 (50%)052%
Barracuda 63571138260 / 4 (0%)248%

Rocket
Player Name POS G A P +/- PIM HIT SHT SB MP PP MP PP SHT PK MP PK SHT FO% FOT
Andrei MironovD000-2220114:350:0000:3000% 0
Brian PinhoC000000000:330:0000:0000% 0
Evan BarrattC/LW0000011014:590:0001:200100% 1
Joel L'EsperanceC000000102:560:0000:00067% 3
Jonah GadjovichLW000-3230021:483:3401:43040% 5
Kale ClagueD101-1013222:172:5213:3300% 0
Luc SnuggerudD000-2000213:400:0000:5200% 0
Lucas JohansenD1121014124:353:4034:0300% 0
Matt LuffRW1011031118:282:5802:471100% 1
Michael Dal ColleLW1120023120:442:5805:03050% 4
Mitchell StephensC011-4016020:063:3410:00050% 24
Nolan StevensC/LW0110010014:570:0000:00048% 23
Philippe MyersD0111013024:353:4014:0300% 0
Rinat ValievD011-2231021:522:5202:5100% 0
Sampo RantaLW/RW011-3012019:483:3410:0000% 0
Samuel BlaisLW/RW1010235013:380:0000:0000% 0
Spencer WatsonRW000001002:560:0000:0000% 0
Vladislav KamenevC0220012024:212:5814:59054% 28
Barracuda
Player Name POS G A P +/- PIM HIT SHT SB MP PP MP PP SHT PK MP PK SHT FO% FOT
Adam Cracknell C/LW/RW000-2015124:184:4034:53147% 32
Albin GreweLW000000000:000:0000:0000% 0
Alex DostieC/LW1123012018:133:1610:450100% 2
Alexis D'AoustC/RW0112002116:013:1610:000100% 1
Anatoly GolyshevLW/RW000000004:300:0000:0000% 0
Andrei AltybarmakyanRW0112031118:020:0000:0000% 1
Andy WelinskiD1012033119:523:2322:2500% 0
Bode WildeD0001200016:520:0000:0000% 0
Brent GatesC/LW1012016017:303:1621:29041% 29
Fredrik OlofssonC/LW000000004:390:0000:00033% 3
Graham KnottC/LW1123021019:550:0000:26060% 5
Jordy BelleriveC1012033018:020:0000:00056% 16
Julius BergmanD0001440116:510:0000:0000% 0
Matthew PhillipsC/RW101-2005016:244:4011:2900% 0
Nicolas MelocheD0330020524:424:3304:0700% 0
Robert BortuzzoD011-1013223:154:3324:0700% 0
Scott HarringtonD0222010120:013:2302:2500% 0
Trent FredericC/LW011-2244019:054:4014:0200% 0



Play-by-Play

1st period


0:01 of 1st period - Adam Cracknell wins face-off versus Vladislav Kamenev in neutral zone.
0:18 of 1st period - Shot by Adam Cracknell .
0:18 of 1st period - Deflect By Matthew Phillips.
0:18 of 1st period - Stopped by James Reimer without a rebound.
0:19 of 1st period - Mitchell Stephens wins face-off versus Brent Gates in Rocket zone.
0:28 of 1st period - Scott Harrington is hit by Sampo Ranta.
0:42 of 1st period - Shot by Brent Gates.
0:42 of 1st period - Stopped by James Reimer without a rebound.
0:43 of 1st period - Jordy Bellerive wins face-off versus Nolan Stevens in Rocket zone.
0:48 of 1st period - Shot by Jordy Bellerive.
0:48 of 1st period - Shot Misses the Net.
0:56 of 1st period - Shot by Luc Snuggerud.
0:56 of 1st period - Deflect By Samuel Blais.
0:56 of 1st period - Stopped by Ken Appleby without a rebound.
0:57 of 1st period - Adam Cracknell wins face-off versus Joel L'Esperance in Barracuda zone.
1:34 of 1st period - Icing by Robert Bortuzzo.
1:35 of 1st period - Nolan Stevens wins face-off versus Fredrik Olofsson in Barracuda zone.
2:35 of 1st period - Kale Clague is hit by Andy Welinski and loses puck.
3:00 of 1st period - Shot by Graham Knott.
3:00 of 1st period - Goal by Graham Knott - Rocket : 0 - Barracuda : 1.
3:01 of 1st period - Matt Luff wins face-off versus Adam Cracknell in neutral zone.
3:18 of 1st period - Shot by Matt Luff.
3:18 of 1st period - Shot Misses the Net.
3:57 of 1st period - Lucas Johansen is hit by Jordy Bellerive and loses puck.
4:04 of 1st period - Shot by Andrei Altybarmakyan.
4:04 of 1st period - Stopped by James Reimer without a rebound.
4:05 of 1st period - Mitchell Stephens wins face-off versus Fredrik Olofsson in Rocket zone.
4:05 of 1st period - Mitchell Stephens is hit by Nicolas Meloche.
4:34 of 1st period - Mitchell Stephens is hit by Nicolas Meloche and loses puck.
4:52 of 1st period - Icing by Adam Cracknell .
4:53 of 1st period - Nolan Stevens wins face-off versus Adam Cracknell in Barracuda zone.
5:00 of 1st period - Adam Cracknell is hit by Nolan Stevens and loses puck.
5:29 of 1st period - Shot by Samuel Blais.
5:29 of 1st period - Shot Misses the Net.
5:31 of 1st period - Shot by Evan Barratt.
5:31 of 1st period - Shot Hit the Post.
5:41 of 1st period - Andy Welinski is hit by Vladislav Kamenev and loses puck.
5:58 of 1st period - Shot by Joel L'Esperance.
5:58 of 1st period - Stopped by Ken Appleby without a rebound.
5:59 of 1st period - Mitchell Stephens wins face-off versus Brent Gates in Barracuda zone.
6:06 of 1st period - Shot by Jonah Gadjovich.
6:06 of 1st period - Shot Misses the Net.
6:22 of 1st period - Shot by Alexis D'Aoust.
6:22 of 1st period - Shot Misses the Net.
7:03 of 1st period - Icing by Michael Dal Colle.
7:04 of 1st period - Vladislav Kamenev wins face-off versus Adam Cracknell in Rocket zone.
7:13 of 1st period - Shot by Vladislav Kamenev.
7:13 of 1st period - Stopped by Ken Appleby without a rebound.
7:14 of 1st period - Nolan Stevens wins face-off versus Jordy Bellerive in Barracuda zone.
7:15 of 1st period - Shot by Samuel Blais.
7:15 of 1st period - Stopped by Ken Appleby without a rebound.
7:16 of 1st period - Jordy Bellerive wins face-off versus Nolan Stevens in Barracuda zone.
7:16 of 1st period - Jordy Bellerive is hit by Samuel Blais.
7:49 of 1st period - Samuel Blais is hit by Robert Bortuzzo.
8:15 of 1st period - Shot by Michael Dal Colle.
8:15 of 1st period - Stopped by Ken Appleby with a rebound.
9:07 of 1st period - Shot by Rinat Valiev.
9:07 of 1st period - Shot Misses the Net.
9:13 of 1st period - Shot by Mitchell Stephens.
9:13 of 1st period - Shot Misses the Net.
9:15 of 1st period - Shot by Rinat Valiev.
9:15 of 1st period - Stopped by Ken Appleby with a rebound.
9:17 of 1st period - Shot by Jonah Gadjovich.
9:17 of 1st period - Shot Misses the Net.
9:19 of 1st period - Shot by Mitchell Stephens.
9:19 of 1st period - Stopped by Ken Appleby with a rebound.
9:21 of 1st period - Shot by Mitchell Stephens.
9:21 of 1st period - Stopped by Ken Appleby without a rebound.
9:22 of 1st period - Nolan Stevens wins face-off versus Brent Gates in Barracuda zone.
9:50 of 1st period - Evan Barratt is hit by Julius Bergman and loses puck.
9:55 of 1st period - Shot by Samuel Blais.
9:55 of 1st period - Stopped by Ken Appleby without a rebound.
9:56 of 1st period - Jordy Bellerive wins face-off versus Vladislav Kamenev in Barracuda zone.
10:18 of 1st period - Shot by Jordy Bellerive.
10:18 of 1st period - Deflect By Andrei Altybarmakyan.
10:18 of 1st period - Shot Hit the Post.
10:27 of 1st period - Icing by Robert Bortuzzo.
10:28 of 1st period - Mitchell Stephens wins face-off versus Graham Knott in Barracuda zone.
10:33 of 1st period - Shot by Jonah Gadjovich.
10:33 of 1st period - Shot Blocked by Andrei Altybarmakyan.
10:35 of 1st period - Shot by Kale Clague.
10:35 of 1st period - Shot Blocked by Nicolas Meloche.
10:37 of 1st period - Shot by Kale Clague.
10:37 of 1st period - Stopped by Ken Appleby with a rebound.
10:39 of 1st period - Shot by Mitchell Stephens.
10:39 of 1st period - Stopped by Ken Appleby without a rebound.
10:40 of 1st period - Brent Gates wins face-off versus Nolan Stevens in Barracuda zone.
10:40 of 1st period - Scott Harrington is hit by Evan Barratt and loses puck.
10:44 of 1st period - Minor Penalty to Samuel Blais for Holding.
10:45 of 1st period - Vladislav Kamenev wins face-off versus Adam Cracknell in Rocket zone.
10:56 of 1st period - Shot by Scott Harrington.
10:56 of 1st period - Shot Blocked by Michael Dal Colle.
10:58 of 1st period - Shot by Andy Welinski.
10:58 of 1st period - Shot Blocked by Lucas Johansen.
11:18 of 1st period - Shot by Scott Harrington.
11:18 of 1st period - Shot Misses the Net.
11:20 of 1st period - Shot by Adam Cracknell .
11:20 of 1st period - Shot Misses the Net.
11:22 of 1st period - Shot by Matthew Phillips.
11:22 of 1st period - Stopped by James Reimer without a rebound.
11:23 of 1st period - Jonah Gadjovich wins face-off versus Brent Gates in Rocket zone.
11:23 of 1st period - Matt Luff is hit by Brent Gates and loses puck.
11:30 of 1st period - Shot by Brent Gates.
11:30 of 1st period - Shot Misses the Net.
11:32 of 1st period - Shot by Robert Bortuzzo.
11:32 of 1st period - Stopped by James Reimer without a rebound.
11:33 of 1st period - Brent Gates wins face-off versus Vladislav Kamenev in Rocket zone.
12:34 of 1st period - Shot by Andy Welinski.
12:34 of 1st period - Stopped by James Reimer with a rebound.
12:36 of 1st period - Shot by Adam Cracknell .
12:36 of 1st period - Stopped by James Reimer without a rebound.
12:37 of 1st period - Adam Cracknell wins face-off versus Jonah Gadjovich in Rocket zone.
13:36 of 1st period - Luc Snuggerud is hit by Scott Harrington and loses puck.
13:59 of 1st period - Matthew Phillips is hit by Samuel Blais and loses puck.
14:14 of 1st period - Shot by Mitchell Stephens.
14:14 of 1st period - Stopped by Ken Appleby without a rebound.
14:15 of 1st period - Brent Gates wins face-off versus Vladislav Kamenev in Barracuda zone.
14:15 of 1st period - Brent Gates is hit by Matt Luff.
14:50 of 1st period - Icing by Lucas Johansen.
14:51 of 1st period - Vladislav Kamenev wins face-off versus Jordy Bellerive in Rocket zone.
15:53 of 1st period - Shot by Jonah Gadjovich.
15:53 of 1st period - Shot Misses the Net.
16:09 of 1st period - Icing by Graham Knott.
16:10 of 1st period - Nolan Stevens wins face-off versus Jordy Bellerive in Barracuda zone.
16:26 of 1st period - Bode Wilde is hit by Andrei Mironov and loses puck.
16:27 of 1st period - Minor Penalty to Andrei Mironov for Charging.
16:28 of 1st period - Vladislav Kamenev wins face-off versus Adam Cracknell in Rocket zone.
16:28 of 1st period - Vladislav Kamenev is hit by Trent Frederic.
16:38 of 1st period - Shot by Trent Frederic.
16:38 of 1st period - Shot Misses the Net.
16:40 of 1st period - Shot by Adam Cracknell .
16:40 of 1st period - Stopped by James Reimer without a rebound.
16:41 of 1st period - Brent Gates wins face-off versus Vladislav Kamenev in Rocket zone.
16:44 of 1st period - Shot by Nicolas Meloche.
16:44 of 1st period - Deflect By Brent Gates.
16:44 of 1st period - Stopped by James Reimer without a rebound.
16:45 of 1st period - Michael Dal Colle wins face-off versus Adam Cracknell in Rocket zone.
17:02 of 1st period - Shot by Matt Luff.
17:02 of 1st period - Goal by Matt Luff - Rocket : 1 - Barracuda : 1.
17:03 of 1st period - Brent Gates wins face-off versus Vladislav Kamenev in neutral zone.
17:18 of 1st period - Shot by Brent Gates.
17:18 of 1st period - Stopped by James Reimer without a rebound.
17:19 of 1st period - Vladislav Kamenev wins face-off versus Adam Cracknell in Rocket zone.
17:23 of 1st period - Off-side.
17:24 of 1st period - Adam Cracknell wins face-off versus Vladislav Kamenev in neutral zone.
17:27 of 1st period - Shot by Nicolas Meloche.
17:27 of 1st period - Shot Misses the Net.
17:58 of 1st period - Shot by Robert Bortuzzo.
17:58 of 1st period - Stopped by James Reimer without a rebound.
17:59 of 1st period - Brent Gates wins face-off versus Jonah Gadjovich in Rocket zone.
18:02 of 1st period - Shot by Alex Dostie.
18:02 of 1st period - Stopped by James Reimer without a rebound.
18:03 of 1st period - Brent Gates wins face-off versus Michael Dal Colle in Rocket zone.
19:03 of 1st period - Shot by Jordy Bellerive.
19:03 of 1st period - Goal by Jordy Bellerive - Rocket : 1 - Barracuda : 2.
19:04 of 1st period - Evan Barratt wins face-off versus Adam Cracknell in neutral zone.
19:29 of 1st period - Shot by Matthew Phillips.
19:29 of 1st period - Deflect By Adam Cracknell .
19:29 of 1st period - Stopped by James Reimer without a rebound.
19:30 of 1st period - Vladislav Kamenev wins face-off versus Brent Gates in Rocket zone.
Goals for this period are 1 for Rocket vs 2 for Barracuda.
Shots for this period are 13 for Rocket vs 15 for Barracuda.

2nd period


0:01 of 2nd period - Michael Dal Colle wins face-off versus Adam Cracknell in neutral zone.
0:19 of 2nd period - Shot by Vladislav Kamenev.
0:19 of 2nd period - Shot Misses the Net.
0:21 of 2nd period - Shot by Michael Dal Colle.
0:21 of 2nd period - Goal by Michael Dal Colle - Rocket : 2 - Barracuda : 2.
0:22 of 2nd period - Jonah Gadjovich wins face-off versus Brent Gates in neutral zone.
0:35 of 2nd period - Alexis D'Aoust is hit by Kale Clague and loses puck.
1:01 of 2nd period - Brent Gates is hit by Rinat Valiev and loses puck.
1:03 of 2nd period - Minor Penalty to Rinat Valiev for Holding.
1:04 of 2nd period - Adam Cracknell wins face-off versus Michael Dal Colle in Rocket zone.
1:09 of 2nd period - Shot by Trent Frederic.
1:09 of 2nd period - Deflect By Adam Cracknell .
1:09 of 2nd period - Stopped by James Reimer with a rebound.
1:11 of 2nd period - Shot by Trent Frederic.
1:11 of 2nd period - Shot Misses the Net.
1:13 of 2nd period - Shot by Trent Frederic.
1:13 of 2nd period - Stopped by James Reimer with a rebound.
1:25 of 2nd period - Shot by Robert Bortuzzo.
1:25 of 2nd period - Shot Misses the Net.
2:25 of 2nd period - Shot by Brent Gates.
2:25 of 2nd period - Deflect By Alexis D'Aoust.
2:25 of 2nd period - Stopped by James Reimer with a rebound.
2:27 of 2nd period - Shot by Andy Welinski.
2:27 of 2nd period - Stopped by James Reimer without a rebound.
2:28 of 2nd period - Vladislav Kamenev wins face-off versus Brent Gates in Rocket zone.
3:00 of 2nd period - Shot by Vladislav Kamenev.
3:00 of 2nd period - Shot Misses the Net.
3:23 of 2nd period - Icing by Kale Clague.
3:24 of 2nd period - Fredrik Olofsson wins face-off versus Nolan Stevens in Rocket zone.
3:27 of 2nd period - Shot by Anatoly Golyshev.
3:27 of 2nd period - Shot Misses the Net.
3:29 of 2nd period - Shot by Robert Bortuzzo.
3:29 of 2nd period - Stopped by James Reimer without a rebound.
3:30 of 2nd period - Graham Knott wins face-off versus Mitchell Stephens in Rocket zone.
4:05 of 2nd period - Icing by Mitchell Stephens.
4:06 of 2nd period - Mitchell Stephens wins face-off versus Adam Cracknell in Rocket zone.
4:13 of 2nd period - Minor Penalty to Jonah Gadjovich for Slashing.
4:14 of 2nd period - Adam Cracknell wins face-off versus Vladislav Kamenev in Rocket zone.
6:14 of 2nd period - Shot by Trent Frederic.
6:14 of 2nd period - Stopped by James Reimer with a rebound.
6:24 of 2nd period - Luc Snuggerud is hit by Graham Knott and loses puck.
6:31 of 2nd period - Shot by Mitchell Stephens.
6:31 of 2nd period - Stopped by Ken Appleby with a rebound.
7:08 of 2nd period - Graham Knott is hit by Spencer Watson and loses puck.
7:19 of 2nd period - Shot by Philippe Myers.
7:19 of 2nd period - Stopped by Ken Appleby without a rebound.
7:20 of 2nd period - Brent Gates wins face-off versus Nolan Stevens in Barracuda zone.
7:20 of 2nd period - Alexis D'Aoust is hit by Samuel Blais and loses puck.
7:37 of 2nd period - Shot by Samuel Blais.
7:37 of 2nd period - Shot Misses the Net.
7:39 of 2nd period - Shot by Evan Barratt.
7:39 of 2nd period - Shot Blocked by Scott Harrington.
7:41 of 2nd period - Shot by Samuel Blais.
7:41 of 2nd period - Shot Blocked by Andy Welinski.
7:43 of 2nd period - Shot by Samuel Blais.
7:43 of 2nd period - Shot Misses the Net.
7:45 of 2nd period - Shot by Philippe Myers.
7:45 of 2nd period - Shot Misses the Net.
7:49 of 2nd period - Shot by Samuel Blais.
7:49 of 2nd period - Stopped by Ken Appleby with a rebound.
7:51 of 2nd period - Shot by Evan Barratt.
7:51 of 2nd period - Stopped by Ken Appleby without a rebound.
7:52 of 2nd period - Vladislav Kamenev wins face-off versus Adam Cracknell in Barracuda zone.
8:23 of 2nd period - Shot by Matthew Phillips.
8:23 of 2nd period - Shot Blocked by Kale Clague.
8:25 of 2nd period - Shot by Trent Frederic.
8:25 of 2nd period - Stopped by James Reimer without a rebound.
8:26 of 2nd period - Brent Gates wins face-off versus Mitchell Stephens in Rocket zone.
8:37 of 2nd period - Shot by Brent Gates.
8:37 of 2nd period - Goal by Brent Gates - Rocket : 2 - Barracuda : 3.
8:38 of 2nd period - Nolan Stevens wins face-off versus Jordy Bellerive in neutral zone.
8:38 of 2nd period - Lucas Johansen is hit by Graham Knott and loses puck.
8:43 of 2nd period - Shot by Lucas Johansen.
8:43 of 2nd period - Stopped by Ken Appleby without a rebound.
8:44 of 2nd period - Adam Cracknell wins face-off versus Jonah Gadjovich in Barracuda zone.
9:12 of 2nd period - Shot by Robert Bortuzzo.
9:12 of 2nd period - Shot Hit the Post.
9:18 of 2nd period - Shot by Trent Frederic.
9:18 of 2nd period - Shot Misses the Net.
9:21 of 2nd period - Icing by Mitchell Stephens.
9:22 of 2nd period - Brent Gates wins face-off versus Mitchell Stephens in Rocket zone.
9:31 of 2nd period - Shot by Lucas Johansen.
9:31 of 2nd period - Shot Blocked by Alexis D'Aoust.
9:34 of 2nd period - Sampo Ranta is hit by Andy Welinski and loses puck.
9:47 of 2nd period - Shot by Alexis D'Aoust.
9:47 of 2nd period - Stopped by James Reimer without a rebound.
9:48 of 2nd period - Jordy Bellerive wins face-off versus Vladislav Kamenev in Rocket zone.
9:51 of 2nd period - Shot by Graham Knott.
9:51 of 2nd period - Shot Blocked by Kale Clague.
10:15 of 2nd period - Shot by Matt Luff.
10:15 of 2nd period - Shot Blocked by Julius Bergman.
10:17 of 2nd period - Shot by Matt Luff.
10:17 of 2nd period - Shot Misses the Net.
10:37 of 2nd period - Icing by Julius Bergman.
10:38 of 2nd period - Jordy Bellerive wins face-off versus Nolan Stevens in Barracuda zone.
10:50 of 2nd period - Minor Penalty to Julius Bergman for Slashing.
10:51 of 2nd period - Adam Cracknell wins face-off versus Mitchell Stephens in Barracuda zone.
11:05 of 2nd period - Icing by Jonah Gadjovich.
11:06 of 2nd period - Adam Cracknell wins face-off versus Mitchell Stephens in Rocket zone.
11:25 of 2nd period - Shot by Sampo Ranta.
11:25 of 2nd period - Shot Misses the Net.
11:27 of 2nd period - Shot by Lucas Johansen.
11:27 of 2nd period - Stopped by Ken Appleby with a rebound.
12:42 of 2nd period - Robert Bortuzzo is hit by Mitchell Stephens and loses puck.
12:47 of 2nd period - Shot by Sampo Ranta.
12:47 of 2nd period - Deflect By Mitchell Stephens.
12:47 of 2nd period - Shot Blocked by Robert Bortuzzo.
12:49 of 2nd period - Shot by Lucas Johansen.
12:49 of 2nd period - Goal by Lucas Johansen - Rocket : 3 - Barracuda : 3.
12:50 of 2nd period - Alexis D'Aoust wins face-off versus Nolan Stevens in neutral zone.
12:55 of 2nd period - Shot by Brent Gates.
12:55 of 2nd period - Shot Misses the Net.
12:57 of 2nd period - Shot by Alexis D'Aoust.
12:57 of 2nd period - Shot Blocked by Luc Snuggerud.
13:03 of 2nd period - Shot by Brent Gates.
13:03 of 2nd period - Stopped by James Reimer without a rebound.
13:04 of 2nd period - Jordy Bellerive wins face-off versus Nolan Stevens in Rocket zone.
13:50 of 2nd period - Icing by Andrei Altybarmakyan.
13:51 of 2nd period - Jordy Bellerive wins face-off versus Vladislav Kamenev in Barracuda zone.
13:51 of 2nd period - Jordy Bellerive is hit by Matt Luff.
14:19 of 2nd period - Shot by Matthew Phillips.
14:19 of 2nd period - Stopped by James Reimer without a rebound.
14:20 of 2nd period - Mitchell Stephens wins face-off versus Brent Gates in Rocket zone.
14:38 of 2nd period - Sampo Ranta is hit by Julius Bergman and loses puck.
14:45 of 2nd period - Shot by Jonah Gadjovich.
14:45 of 2nd period - Shot Misses the Net.
14:47 of 2nd period - Shot by Kale Clague.
14:47 of 2nd period - Stopped by Ken Appleby with a rebound.
14:48 of 2nd period - Minor Penalty to Bode Wilde for High sticking.
14:49 of 2nd period - Vladislav Kamenev wins face-off versus Adam Cracknell in Barracuda zone.
14:52 of 2nd period - Shot by Philippe Myers.
14:52 of 2nd period - Stopped by Ken Appleby with a rebound.
15:16 of 2nd period - Shot by Vladislav Kamenev.
15:16 of 2nd period - Deflect By Michael Dal Colle.
15:16 of 2nd period - Shot Misses the Net.
15:24 of 2nd period - Shot by Michael Dal Colle.
15:24 of 2nd period - Shot Blocked by Nicolas Meloche.
15:26 of 2nd period - Shot by Michael Dal Colle.
15:26 of 2nd period - Deflect By Vladislav Kamenev.
15:26 of 2nd period - Stopped by Ken Appleby without a rebound.
15:27 of 2nd period - Adam Cracknell wins face-off versus Mitchell Stephens in Barracuda zone.
15:50 of 2nd period - Shot by Sampo Ranta.
15:50 of 2nd period - Stopped by Ken Appleby without a rebound.
15:51 of 2nd period - Vladislav Kamenev wins face-off versus Brent Gates in Barracuda zone.
15:54 of 2nd period - Shot by Lucas Johansen.
15:54 of 2nd period - Stopped by Ken Appleby without a rebound.
15:55 of 2nd period - Adam Cracknell wins face-off versus Mitchell Stephens in Barracuda zone.
15:55 of 2nd period - Adam Cracknell is hit by Jonah Gadjovich.
16:29 of 2nd period - Shot by Jonah Gadjovich.
16:29 of 2nd period - Shot Misses the Net.
16:41 of 2nd period - Robert Bortuzzo is hit by Michael Dal Colle and loses puck.
16:46 of 2nd period - Shot by Kale Clague.
16:46 of 2nd period - Shot Blocked by Robert Bortuzzo.
17:45 of 2nd period - Icing by Bode Wilde.
17:46 of 2nd period - Vladislav Kamenev wins face-off versus Jordy Bellerive in Barracuda zone.
18:07 of 2nd period - Shot by Graham Knott.
18:07 of 2nd period - Shot Misses the Net.
18:09 of 2nd period - Shot by Andrei Altybarmakyan.
18:09 of 2nd period - Shot Misses the Net.
18:11 of 2nd period - Shot by Andrei Altybarmakyan.
18:11 of 2nd period - Shot Misses the Net.
18:35 of 2nd period - Fredrik Olofsson is hit by Matt Luff and loses puck.
18:49 of 2nd period - Nicolas Meloche is hit by Philippe Myers and loses puck.
19:08 of 2nd period - Shot by Philippe Myers.
19:08 of 2nd period - Stopped by Ken Appleby without a rebound.
19:09 of 2nd period - Nolan Stevens wins face-off versus Brent Gates in Barracuda zone.
19:09 of 2nd period - Andrei Mironov is hit by Andy Welinski and loses puck.
19:15 of 2nd period - Alexis D'Aoust is hit by Andrei Mironov and loses puck.
19:22 of 2nd period - Shot by Alexis D'Aoust.
19:22 of 2nd period - Deflect By Brent Gates.
19:22 of 2nd period - Shot Misses the Net.
19:24 of 2nd period - Shot by Scott Harrington.
19:24 of 2nd period - Shot Misses the Net.
19:26 of 2nd period - Shot by Alexis D'Aoust.
19:26 of 2nd period - Shot Misses the Net.
19:28 of 2nd period - Shot by Andy Welinski.
19:28 of 2nd period - Goal by Andy Welinski - Rocket : 3 - Barracuda : 4.
19:29 of 2nd period - Mitchell Stephens wins face-off versus Jordy Bellerive in neutral zone.
19:32 of 2nd period - Jordy Bellerive is hit by Jonah Gadjovich and loses puck.
Goals for this period are 2 for Rocket vs 2 for Barracuda.
Shots for this period are 14 for Rocket vs 12 for Barracuda.

3rd period


0:01 of 3rd period - Adam Cracknell wins face-off versus Vladislav Kamenev in neutral zone.
0:20 of 3rd period - Shot by Trent Frederic.
0:20 of 3rd period - Shot Misses the Net.
0:22 of 3rd period - Shot by Trent Frederic.
0:22 of 3rd period - Stopped by James Reimer without a rebound.
0:23 of 3rd period - Brent Gates wins face-off versus Mitchell Stephens in Rocket zone.
0:23 of 3rd period - Brent Gates is hit by Rinat Valiev.
0:33 of 3rd period - Shot by Brent Gates.
0:33 of 3rd period - Stopped by James Reimer without a rebound.
0:34 of 3rd period - Nolan Stevens wins face-off versus Adam Cracknell in Rocket zone.
1:08 of 3rd period - Shot by Samuel Blais.
1:08 of 3rd period - Deflect By Nolan Stevens.
1:08 of 3rd period - Shot Misses the Net.
1:10 of 3rd period - Shot by Lucas Johansen.
1:10 of 3rd period - Deflect By Nolan Stevens.
1:10 of 3rd period - Shot Misses the Net.
1:12 of 3rd period - Shot by Samuel Blais.
1:12 of 3rd period - Goal by Samuel Blais - Rocket : 4 - Barracuda : 4.
1:13 of 3rd period - Vladislav Kamenev wins face-off versus Brent Gates in neutral zone.
1:18 of 3rd period - Icing by Alex Dostie.
1:19 of 3rd period - Vladislav Kamenev wins face-off versus Brent Gates in Barracuda zone.
1:53 of 3rd period - Shot by Rinat Valiev.
1:53 of 3rd period - Shot Misses the Net.
2:00 of 3rd period - Icing by Scott Harrington.
2:01 of 3rd period - Mitchell Stephens wins face-off versus Brent Gates in Barracuda zone.
2:04 of 3rd period - Shot by Philippe Myers.
2:04 of 3rd period - Shot Misses the Net.
2:10 of 3rd period - Andy Welinski is hit by Jonah Gadjovich and loses puck.
2:29 of 3rd period - Shot by Sampo Ranta.
2:29 of 3rd period - Shot Misses the Net.
2:31 of 3rd period - Shot by Lucas Johansen.
2:31 of 3rd period - Shot Misses the Net.
2:35 of 3rd period - Shot by Sampo Ranta.
2:35 of 3rd period - Stopped by Ken Appleby with a rebound.
2:37 of 3rd period - Shot by Jonah Gadjovich.
2:37 of 3rd period - Shot Blocked by Nicolas Meloche.
2:59 of 3rd period - Luc Snuggerud is hit by Trent Frederic and loses puck.
3:53 of 3rd period - Shot by Jordy Bellerive.
3:53 of 3rd period - Stopped by James Reimer without a rebound.
3:54 of 3rd period - Joel L'Esperance wins face-off versus Brent Gates in Rocket zone.
4:53 of 3rd period - Shot by Graham Knott.
4:53 of 3rd period - Deflect By Jordy Bellerive.
4:53 of 3rd period - Shot Misses the Net.
4:55 of 3rd period - Shot by Bode Wilde.
4:55 of 3rd period - Shot Misses the Net.
4:57 of 3rd period - Shot by Jordy Bellerive.
4:57 of 3rd period - Shot Hit the Post.
5:08 of 3rd period - Andrei Altybarmakyan is hit by Lucas Johansen and loses puck.
5:43 of 3rd period - Shot by Sampo Ranta.
5:43 of 3rd period - Shot Misses the Net.
5:45 of 3rd period - Shot by Mitchell Stephens.
5:45 of 3rd period - Shot Misses the Net.
5:47 of 3rd period - Shot by Mitchell Stephens.
5:47 of 3rd period - Shot Misses the Net.
5:49 of 3rd period - Shot by Kale Clague.
5:49 of 3rd period - Shot Blocked by Nicolas Meloche.
5:51 of 3rd period - Shot by Kale Clague.
5:51 of 3rd period - Shot Blocked by Nicolas Meloche.
5:53 of 3rd period - Shot by Jonah Gadjovich.
5:53 of 3rd period - Shot Blocked by Adam Cracknell .
5:55 of 3rd period - Shot by Sampo Ranta.
5:55 of 3rd period - Shot Misses the Net.
6:32 of 3rd period - Shot by Alexis D'Aoust.
6:32 of 3rd period - Shot Blocked by Luc Snuggerud.
6:42 of 3rd period - Shot by Alex Dostie.
6:42 of 3rd period - Shot Hit the Post.
7:10 of 3rd period - Shot by Jordy Bellerive.
7:10 of 3rd period - Stopped by James Reimer without a rebound.
7:11 of 3rd period - Mitchell Stephens wins face-off versus Jordy Bellerive in Rocket zone.
7:11 of 3rd period - Mitchell Stephens is hit by Andrei Altybarmakyan.
7:22 of 3rd period - Mitchell Stephens is hit by Julius Bergman and loses puck.
7:25 of 3rd period - Shot by Sampo Ranta.
7:25 of 3rd period - Shot Misses the Net.
7:27 of 3rd period - Shot by Jonah Gadjovich.
7:27 of 3rd period - Deflect By Mitchell Stephens.
7:27 of 3rd period - Shot Misses the Net.
7:59 of 3rd period - Michael Dal Colle is hit by Julius Bergman and loses puck.
8:06 of 3rd period - Shot by Michael Dal Colle.
8:06 of 3rd period - Stopped by Ken Appleby with a rebound.
8:19 of 3rd period - Icing by Julius Bergman.
8:20 of 3rd period - Jordy Bellerive wins face-off versus Nolan Stevens in Barracuda zone.
8:31 of 3rd period - Minor Penalty to Julius Bergman for Hooking.
8:32 of 3rd period - Mitchell Stephens wins face-off versus Adam Cracknell in Barracuda zone.
8:43 of 3rd period - Shot by Mitchell Stephens.
8:43 of 3rd period - Stopped by Ken Appleby without a rebound.
8:44 of 3rd period - Adam Cracknell wins face-off versus Vladislav Kamenev in Barracuda zone.
9:47 of 3rd period - Shot by Adam Cracknell .
9:47 of 3rd period - Stopped by James Reimer without a rebound.
9:48 of 3rd period - Brent Gates wins face-off versus Mitchell Stephens in Rocket zone.
10:58 of 3rd period - Nolan Stevens is hit by Andrei Altybarmakyan and loses puck.
12:04 of 3rd period - Icing by Julius Bergman.
12:05 of 3rd period - Graham Knott wins face-off versus Mitchell Stephens in Barracuda zone.
12:30 of 3rd period - Sampo Ranta is hit by Jordy Bellerive and loses puck.
12:55 of 3rd period - Shot by Matthew Phillips.
12:55 of 3rd period - Stopped by James Reimer without a rebound.
12:56 of 3rd period - Joel L'Esperance wins face-off versus Adam Cracknell in Rocket zone.
12:56 of 3rd period - Joel L'Esperance is hit by Trent Frederic.
12:57 of 3rd period - Minor Penalty to Trent Frederic for Hooking.
12:58 of 3rd period - Adam Cracknell wins face-off versus Vladislav Kamenev in Barracuda zone.
12:58 of 3rd period - Adam Cracknell is hit by Michael Dal Colle.
13:32 of 3rd period - Shot by Kale Clague.
13:32 of 3rd period - Goal by Kale Clague - Rocket : 5 - Barracuda : 4.
13:33 of 3rd period - Adam Cracknell wins face-off versus Mitchell Stephens in neutral zone.
13:54 of 3rd period - Shot by Jonah Gadjovich.
13:54 of 3rd period - Shot Misses the Net.
13:56 of 3rd period - Shot by Sampo Ranta.
13:56 of 3rd period - Shot Misses the Net.
14:09 of 3rd period - Icing by Scott Harrington.
14:10 of 3rd period - Nolan Stevens wins face-off versus Adam Cracknell in Barracuda zone.
14:16 of 3rd period - Andy Welinski is hit by Rinat Valiev and loses puck.
14:20 of 3rd period - Icing by Kale Clague.
14:21 of 3rd period - Nolan Stevens wins face-off versus Brent Gates in Rocket zone.
15:12 of 3rd period - Nolan Stevens is hit by Adam Cracknell and loses puck.
15:52 of 3rd period - Off-side.
15:53 of 3rd period - Jordy Bellerive wins face-off versus Mitchell Stephens in neutral zone.
16:02 of 3rd period - Andrei Mironov is hit by Andrei Altybarmakyan and loses puck.
16:06 of 3rd period - Icing by Jonah Gadjovich.
16:07 of 3rd period - Mitchell Stephens wins face-off versus Brent Gates in Rocket zone.
16:43 of 3rd period - Off-side.
16:44 of 3rd period - Vladislav Kamenev wins face-off versus Andrei Altybarmakyan in neutral zone.
17:02 of 3rd period - Lucas Johansen is hit by Jordy Bellerive and loses puck.
17:32 of 3rd period - Icing by Michael Dal Colle.
17:33 of 3rd period - Vladislav Kamenev wins face-off versus Adam Cracknell in Rocket zone.
17:33 of 3rd period - Vladislav Kamenev is hit by Trent Frederic.
17:43 of 3rd period - Shot by Matthew Phillips.
17:43 of 3rd period - Shot Blocked by Matt Luff.
17:53 of 3rd period - Shot by Matthew Phillips.
17:53 of 3rd period - Shot Misses the Net.
17:55 of 3rd period - Shot by Matthew Phillips.
17:55 of 3rd period - Goal by Matthew Phillips - Rocket : 5 - Barracuda : 5.
17:56 of 3rd period - Mitchell Stephens wins face-off versus Brent Gates in neutral zone.
18:23 of 3rd period - Jonah Gadjovich is hit by Alex Dostie and loses puck.
19:27 of 3rd period - Shot by Adam Cracknell .
19:27 of 3rd period - Shot Misses the Net.
19:59 of 3rd period - Shot by Andy Welinski.
19:59 of 3rd period - Shot Hit the Post.
Goals for this period are 2 for Rocket vs 1 for Barracuda.
Shots for this period are 5 for Rocket vs 7 for Barracuda.

Overtime #1


0:01 of 1st overtime period - Alex Dostie wins face-off versus Nolan Stevens in neutral zone.
0:06 of 1st overtime period - Shot by Alex Dostie.
0:06 of 1st overtime period - Shot Blocked by Andrei Mironov.
0:14 of 1st overtime period - Shot by Vladislav Kamenev.
0:14 of 1st overtime period - Shot Misses the Net.
0:18 of 1st overtime period - Shot by Nolan Stevens.
0:18 of 1st overtime period - Shot Misses the Net.
0:53 of 1st overtime period - Icing by Andrei Mironov.
0:54 of 1st overtime period - Alex Dostie wins face-off versus Nolan Stevens in Rocket zone.
1:00 of 1st overtime period - Icing by Vladislav Kamenev.
1:01 of 1st overtime period - Graham Knott wins face-off versus Nolan Stevens in Rocket zone.
1:09 of 1st overtime period - Icing by Nolan Stevens.
1:10 of 1st overtime period - Nolan Stevens wins face-off versus Graham Knott in Rocket zone.
1:35 of 1st overtime period - Shot by Alex Dostie.
1:35 of 1st overtime period - Goal by Alex Dostie - Rocket : 5 - Barracuda : 6.
Goals for this period are 0 for Rocket vs 1 for Barracuda.
Shots for this period are 0 for Rocket vs 1 for Barracuda.